Map: New Gettysburg LE

Players

Tenonee - Winner!

  • Race: Terran Terran
  • League: Platinum

Lumencryster

  • Race: Protoss Protoss
  • League: Diamond

VOD

Have the link to the VOD?

Description

Time

  • Played on: July 24, 2016, 3:20 a.m.
  • Length: 11:02
Show
View Real Time Build Order
Export as new Build Order

Tenonee Terran - Winner!

Build Orders:  

Get SALT Encoding   

  12  0:01  SCV  
  13  0:13  SCV  
  14  0:19  Supply Depot  
  14  0:25  SCV  
  15  0:40  SCV  
  15  0:42  Barracks  
  16  0:52  SCV  
  17  1:04  SCV  
  18  1:16  SCV  
  19  1:21  Command Center  
  19  1:28  SCV  
  20  1:33  Supply Depot  
  20  1:42  Orbital Command  
  20  1:47  Marine  
  21  1:59  Refinery  
  21  2:04  Marine  
  22  2:10  Barracks  
  22  2:20  SCV  
  22  2:22  Marine  
  23  2:25  Refinery  
  24  2:37  SCV  
  25  2:44  Orbital Command  
  25  2:47  Barracks Tech Lab  
  25  2:49  SCV  
  26  3:01  Factory, SCV  
  26  3:02  Marine  
  28  3:08  Marauder  
  28  3:11  SCV  
  31  3:13  SCV  
  32  3:20  Marine  
  32  3:22  Stimpack  
  32  3:23  SCV  
  32  3:25  SCV  
  35  3:28  Supply Depot  
  35  3:32  Marauder  
  37  3:35  SCV  
  37  3:37  SCV  
  37  3:40  Barracks Reactor  
  39  3:47  SCV  
  40  3:49  SCV  
  40  3:55  Starport  
  41  3:57  Marine  
  41  3:59  SCV  
  41  4:01  SCV  
  44  4:11  SCV  
  44  4:13  Supply Depot  
  44  4:14  SCV  
  44  4:15  Factory Tech Lab  
  46  4:18  Marine x3  
  46  4:22  Supply Depot  
  46  4:23  SCV  
  50  4:27  SCV  
  51  4:35  Marine, SCV  
  51  4:36  Marine  
  51  4:37  Reaper  
  55  4:44  Widow Mine  
  53  4:46  Medivac  
  53  4:48  SCV x2  
  54  4:53  Engineering Bay x2, Marine  
  55  5:00  Marine, SCV  
  55  5:03  Bunker  
  55  5:04  SCV  
  56  5:09  Marauder  
  56  5:12  SCV  
  58  5:26  Marine x2  
  58  5:28  Siege Tank  
  63  5:30  Marauder  
  63  5:31  Starport Reactor  
  63  5:35  SCV x2  
  67  5:44  Supply Depot, Marine x2  
  67  5:45  Command Center, Supply Depot  
  67  5:47  SCV  
  67  5:49  Missile Turret  
  70  5:52  Refinery  
  70  5:53  Refinery  
  70  6:03  Supply Depot  
  70  6:05  Marine x2  
  70  6:06  Marauder  
  70  6:07  Barracks x2  
  73  6:20  SCV  
  73  6:21  SCV  
  75  6:28  Marine x2  
  75  6:29  Liberator, Marauder  
  76  6:44  Widow Mine  
  76  6:46  Medivac, Marine  
  77  6:50  Marauder  
  77  6:52  Marine  
  80  6:57  SCV x2  
  82  7:04  Barracks Tech Lab, Barracks Reactor, Marine  
  82  7:06  Terran Infantry Armor Level 1, Terran Infantry Weapons Level 1  
  83  7:09  Supply Depot, SCV x2  
  83  7:11  Supply Depot  
  83  7:12  Missile Turret  
  83  7:13  Armory  
  85  7:20  Marine x2  
  85  7:21  Siege Tank  
  90  7:30  Medivac  
  90  7:31  Medivac  
  94  7:38  Marine, Marauder  
  94  7:39  Marauder  
  94  7:43  Marine x2  
  94  7:44  Marine  
  95  7:56  Marine  
  87  8:00  Marauder x2  
  87  8:01  Marine x2  
  87  8:04  Liberator  
  93  8:09  Marine  
  94  8:14  Marine  
  94  8:18  Marine  
  94  8:19  Marine  
  97  8:20  Siege Tank  
  97  8:21  Medivac, Marauder  
  97  8:24  Orbital Command  
  97  8:26  Command Center  
  107  8:28  Marine, Marauder  
  110  8:38  Marine x3  
  113  8:42  Marauder  
  113  8:46  Marine  
  112  8:56  Marine x3, Marauder  
  114  9:03  Marine  
  114  9:04  Marine  
  116  9:11  Liberator  
  116  9:14  Marine x2  
  118  9:18  Marauder  
  118  9:21  Marine  
  118  9:22  Marine, Marauder  
  124  9:28  Supply Depot, Medivac, Siege Tank  
  132  9:31  Marine  
  129  9:39  Marauder  
  129  9:43  Marauder  
  129  9:44  Marine x2  
  129  9:45  Marine  
  131  9:49  Marine  
  132  9:58  Supply Depot  
  132  10:00  Supply Depot  
  132  10:01  Marauder  
  132  10:02  Marine x3  
  132  10:03  Barracks x2  
  132  10:04  Marauder  
  132  10:06  Orbital Command  
  139  10:19  Refinery  
  139  10:22  Marine x2, Marauder  
  139  10:24  Refinery  
  139  10:25  Marine  
  139  10:26  Marine, Marauder  
  139  10:27  Siege Tank  
  147  10:39  Marine  
  147  10:40  Marine  
Show
View Real Time Build Order
Export as new Build Order

Lumencryster Protoss 

Build Orders: Oracle Opening 

Get SALT Encoding   

  12  0:01  Probe (Chrono Boost)  
  13  0:11  Probe (Chrono Boost)  
  14  0:18  Pylon  
  14  0:23  Probe (Chrono Boost)  
  15  0:36  Probe (Chrono Boost)  
  15  0:38  Gateway  
  16  0:47  Probe (Chrono Boost)  
  17  0:51  Assimilator  
  17  0:58  Probe (Chrono Boost)  
  17  1:02  Pylon  
  18  1:08  Probe (Chrono Boost)  
  19  1:19  Probe (Chrono Boost)  
  20  1:25  Cybernetics Core  
  20  1:29  Probe (Chrono Boost)  
  21  1:50  Nexus  
  21  1:53  Probe (Chrono Boost)  
  22  1:58  Assimilator  
  22  2:02  Stalker  
  24  2:15  Mothership Core (Chrono Boost)  
  26  2:23  Pylon  
  26  2:35  Probe (Chrono Boost)  
  27  2:47  Probe (Chrono Boost)  
  27  2:50  Warp Gate  
  28  2:55  Stargate  
  29  2:59  Probe (Chrono Boost)  
  29  3:00  Stalker  
  29  3:01  Probe (Chrono Boost)  
  32  3:11  Probe (Chrono Boost)  
  32  3:12  Probe (Chrono Boost)  
  34  3:17  Pylon  
  34  3:23  Probe (Chrono Boost)  
  34  3:24  Probe (Chrono Boost)  
  37  3:35  Probe x2 (Chrono Boost)  
  37  3:36  Oracle  
  41  3:45  Probe (Chrono Boost)  
  41  3:47  Probe (Chrono Boost)  
  43  3:52  Assimilator  
  43  3:54  Assimilator  
  43  3:56  Probe (Chrono Boost)  
  43  3:59  Probe (Chrono Boost)  
  45  4:06  Probe (Chrono Boost)  
  45  4:07  Twilight Council  
  45  4:09  Forge  
  46  4:11  Probe (Chrono Boost)  
  48  4:17  Probe (Chrono Boost)  
  48  4:24  Probe (Chrono Boost)  
  49  4:27  Probe (Chrono Boost)  
  50  4:36  Probe (Chrono Boost)  
  50  4:38  Probe (Chrono Boost), Resonating Glaives, Protoss Ground Weapons Level 1  
  52  4:45  Pylon  
  52  4:48  Probe (Chrono Boost)  
  53  4:58  Oracle  
  53  5:04  Pylon  
  53  5:05  Pylon  
  56  5:09  Gateway  
  56  5:10  Gateway  
  56  5:14  Gateway  
  56  5:46  Gateway  
  56  5:47  Gateway  
  56  5:48  Sentry  
  58  5:51  Pylon  
  58  5:58  Pylon  
  58  6:06  Gateway  
  58  6:07  Gateway  
  58  6:08  Gateway  
  58  6:09  Sentry x3  
  64  6:19  Adept  
  59  6:46  Probe x2 (Chrono Boost)  
  61  6:58  Probe x2 (Chrono Boost), Adept x3  
  61  6:59  Adept  
  71  7:10  Probe x2 (Chrono Boost)  
  73  7:22  Probe x2 (Chrono Boost)  
  75  7:34  Probe (Chrono Boost)  
  76  7:37  Stalker x2  
  76  7:39  Stalker x3  
  76  7:40  Stalker x3  
  76  7:41  Pylon  
  67  7:58  Adept  
  69  8:08  Protoss Ground Weapons Level 2  
  69  8:09  Adept x4  
  69  8:10  Adept x2  
  69  8:11  Nexus  
  81  8:15  Sentry x2  
  85  8:23  Pylon  
  85  8:26  Pylon  
  85  8:28  Robotics Facility, Pylon  
  85  8:31  Robotics Facility  
  85  8:43  Sentry x2  
  89  8:51  Sentry  
  89  8:52  Sentry x2  
  89  8:54  Adept x2  
  81  9:08  Adept x2  
  85  9:14  Adept x5  
  85  9:15  Adept  
  97  9:24  Mothership Core (Chrono Boost)  
  97  9:30  Adept  
  97  9:46  Stalker x5  
  97  9:47  Stalker  
  97  9:50  Probe (Chrono Boost)  
  97  9:51  Probe x2 (Chrono Boost)  
  112  10:00  Probe (Chrono Boost)  
  112  10:01  Robotics Bay  
  112  10:03  Probe x2 (Chrono Boost)  
  113  10:11  Probe (Chrono Boost)  
  116  10:16  Probe x2 (Chrono Boost)  
  116  10:18  Void Ray  
  120  10:30  Adept  
  120  10:31  Adept  
  120  10:32  Adept x3  
Tags
 
Add a new tag
Caveats
  • Supply blocks, unpowered buildings, or Contaminate may cause inaccurate times.
  • Supply counts are checked every 10 seconds.